 Dungeon Crawl Stone Soup version 0.30-a0-737-gf23d94013f (webtiles) character file.

Game seed: 14128868500863369676

151 sircluck the Chopper (level 5, 0/46 HPs)
             Began as a Hill Orc Fighter on Feb 1, 2023.
             Succumbed to Bediveer's ghost's poison
             ... on level 3 of the Dungeon.
             The game lasted 00:09:31 (2201 turns).

sircluck the Chopper (Hill Orc Fighter)             Turns: 2201, Time: 00:09:32

Health: 0/46       AC:  8    Str: 21      XL:     5   Next: 33%
Magic:  5/5        EV:  9    Int:  8      God:
Gold:   88         SH:  4    Dex:  9 (10) Spells: 4/4 levels left

rFire   . . .      SeeInvis .    a - +0 war axe
rCold   . . .      Faith    .    c - +0 buckler
rNeg    . . .      Spirit   .    b - +0 scale mail
rPois   .          Reflect  .    s - +0 helmet
rElec   .          Harm     .    u - scarf {+Inv}
rCorr   .          Rampage  .    (no gloves)
Will    .....                    (no boots) Stlth
                                 (no amulet)
HPRegen 0.27/turn                (no ring)
MPRegen 0.09/turn                (no ring)

@: lethally poisoned (0 -> -16)
A: no striking features
a: Evoke Invisibility


You were on level 3 of the Dungeon.
You visited 1 branch of the dungeon, and saw 3 of its levels.

You collected 88 gold pieces.

Inventory:

Hand Weapons
 a - a +0 war axe (weapon)
 v - a +3 sling
 w - a +0 club
Missiles
 m - 26 stones (quivered)
Armour
 b - a +0 scale mail (worn)
 c - a +0 buckler (worn)
 s - a +0 helmet (worn)
 u - a scarf of invisibility (worn)
Jewellery
 z - a +6 ring of dexterity
Wands
 y - a wand of flame (9)
Scrolls
 e - 2 scrolls of identify {unknown}
 j - a scroll of fog {unknown}
 k - a scroll of enchant armour {unknown}
 l - a scroll of enchant weapon {unknown}
 n - 2 scrolls of magic mapping {unknown}
 o - a scroll of noise {unknown}
 p - a scroll of teleportation {unknown}
 q - 2 scrolls of poison {unknown}
 t - a scroll of vulnerability {unknown}
 x - a scroll of brand weapon {unknown}
Potions
 d - a potion of might
 f - 2 potions of ambrosia {unknown}
 g - a potion of berserk rage {unknown}
 h - a potion of degeneration {unknown}
 i - a potion of heal wounds {unknown}
 r - a potion of magic {unknown}


   Skills:
 + Level 4.1 Fighting
 + Level 4.9 Axes
 + Level 4.0 Armour
 + Level 1.2 Dodging
 + Level 3.9 Shields


You had 4 spell levels left.
You didn't know any spells.
Your spell library contained the following spells:

 Spells                   Type           Power      Damage    Failure   Level
 Slow                     Hex            0%         N/A       83%         1
 Confusing Touch          Hex            0%         N/A       99%         3
 Vampiric Draining        Necr           0%         2d6       99%         3
 Airstrike                Air            0%         2d(0-16)  100%        4
 Arcjolt                  Conj/Air       0%         1d10      100%        5
 Freezing Cloud           Conj/Ice/Air   0%         6-21      100%        5


Dungeon Overview and Level Annotations

Branches:
Dungeon (3/15)

Altars:
Ashenzari

Shops:
D:1 [

Annotations:
D:3 1 transporter, Bediveer's ghost, amateur KoBr


Message History

The quasit closely misses you.
The quasit claws you but does no damage.
You feel very sick.
Bediveer's ghost hits you but does no damage.
You are lethally poisoned!
The quasit bites you but does no damage.
You block the quasit's attack. x2
You slash the quasit!
You kill the quasit!
You closely miss Bediveer's ghost.
You feel extremely sick. Bediveer's ghost barely misses you.
The quasit bites you but does no damage.
The quasit claws you but does no damage. x2
The quasit barely misses you. The quasit closely misses you.
The quasit claws you but does no damage.
You feel your dexterity returning.
Your Dodging skill increases to level 1!
You barely miss the quasit. You miss the quasit. You hit Bediveer's ghost.
* * * LOW HITPOINT WARNING * * *
You feel very sick. The quasit closely misses you.
The quasit barely misses you. You block the quasit's attack.
Bediveer's ghost hits you.
* * * LOW HITPOINT WARNING * * *
You are more poisoned.
The quasit bites you but does no damage.
The quasit claws you.
* * * LOW HITPOINT WARNING * * *
The quasit claws you but does no damage.
The quasit bites you but does no damage.
The quasit claws you but does no damage. x2
* * * LOW HITPOINT WARNING * * *
You feel very sick.
The quasit bites you but does no damage.
The quasit claws you but does no damage. x2
Aiming: Throw Flame
Press: ? - help, Q - select action, (/) - cycle Shift-Dir - straight line, f - quasit
Aim: a quasit (moderately wounded, 42% to hit)
The puff of flame misses the quasit.
You die...

##### ######### #....
........####### #....
..............####....
####.©.####...##....
..#####..###..#..)) #
....[$..#..##......
##.##..=###....#.#....
#....@#.....#.##.#....
..#..##5W©..#..5#..#....
..#......#..##.5#.......
..##...#...#....#...<...
...#....#......##.....>.
..##.##### .###5##........
#...#.....####©###.........
#.#.###....................
#.#............##.........)


You could see a quasit and Bediveer's ghost.

Vanquished Creatures
  A quasit (D:3)
  Jessica (D:2)
  An iguana (D:2)
  Robin (D:2)
  A white imp (D:3)
  A dart slug (D:2)
  4 orcs (D:3)
  A ball python (D:3)
  4 endoplasms
  A giant cockroach (D:1)
  13 goblins
  4 hobgoblins
  3 quokkas
  2 bats
  3 frilled lizards
  4 kobolds
  3 rats
48 creatures vanquished.

Notes
Turn   | Place    | Note
-------+----------+-------------------------------------------
     0 | D:1      | sircluck the Hill Orc Fighter began the quest for the Orb.
     0 | D:1      | Reached XP level 1. HP: 19/19 MP: 1/1
    66 | D:1      | Got the Octavo of Austromancy
   140 | D:1      | Reached XP level 2. HP: 27/27 MP: 2/2
   270 | D:1      | Found Qaif's Antique Armour Emporium.
   622 | D:1      | You fall into a shaft and drop 1 floor!
   679 | D:2      | Reached XP level 3. HP: 22/33 MP: 3/3
   707 | D:2      | Noticed Jessica
   720 | D:2      | Killed Jessica
   721 | D:2      | Reached XP level 4. HP: 21/40 MP: 4/4
  1348 | D:2      | Noticed Robin
  1366 | D:2      | Killed Robin
  1760 | D:3      | Found a transporter.
  1909 | D:3      | Found a broken altar of Ashenzari.
  1913 | D:3      | Saw a vision of the Shoals and the Spider Nest.
  1913 | D:3      | Noticed a jumping spider
  1913 | D:3      | Noticed an emperor scorpion
  1913 | D:3      | Noticed a redback
  1913 | D:3      | Noticed a demonic crawler
  1913 | D:3      | Noticed a redback
  1913 | D:3      | Noticed a jumping spider
  1913 | D:3      | Noticed a merfolk siren
  1913 | D:3      | Noticed a merfolk
  1913 | D:3      | Noticed a snapping turtle
  1913 | D:3      | Noticed a harpy
  1913 | D:3      | Noticed an emperor scorpion
  1913 | D:3      | Noticed a sun moth
  1913 | D:3      | Noticed a snapping turtle
  1914 | D:3      | Noticed a water elemental
  1914 | D:3      | Noticed a manticore
  1914 | D:3      | Noticed a jumping spider
  1914 | D:3      | Noticed a culicivora
  1914 | D:3      | Noticed a snapping turtle
  1915 | D:3      | Noticed a jumping spider
  1916 | D:3      | Noticed a sun moth
  1918 | D:3      | Noticed a jumping spider
  1997 | D:3      | Reached XP level 5. HP: 42/46 MP: 5/5
  2183 | D:3      | Found a transporter.
  2187 | D:3      | Noticed Bediveer's ghost (amateur KoBr)
  2199 | D:3      | Reached skill level 1 in Dodging
  2201 | D:3      | Succumbed to Bediveer's ghost's poison

Illustrated notes

Levels and vault maps discovered:
D:1:      co_arrival_square_in_a_square_in_a_square, layout_rooms, serial_shops,
          nicolae_shop_hallway_plus
D:2:      layout_basic, uniq_robin, uniq_jessica
D:3:      layout_rooms, grunt_ashenzari_visionary
          [grunt_ashenzari_visionary_shoals, grunt_ashenzari_visionary_spider],
          gammafunk_ghost_stat_death, minmay_misc_feat_room,
          minmay_misc_feat_encased, chequers_serial_rivers_micro_a

Skill      XL: |  1  2  3  4  5 |
---------------+----------------+-----
Axes           | 3 4 |  4.9
Fighting       | 4 |  4.1
Armour         | 4 |  4.0
Dodging        | 1 |  1.2
Shields        | |  3.9

Action                     |  1- 3 |  4- 6 || total
---------------------------+-------+-------++-------
  Melee: War axe           |    60 |    68 ||   128
   Fire: Sling             |       |    11 ||    11
  Evoke: Wand              |       |     1 ||     1
 Armour: Scale mail        |    40 |    97 ||   137
  Dodge: Dodged            |    31 |    73 ||   104
  Block: Buckler           |    16 |    33 ||    49

Table legend: (Time is in decaauts)
 A = Elapsed time spent in this place.
 B = Non-inter-level travel time spent in this place.
 C = Inter-level travel time spent in this place.
 D = Time resting spent in this place.
 E = Time spent auto-exploring this place.
 F = Levels seen in this place.
 G = Mean time per level.
                   A        B        C        D        E       F      G
               +--------+--------+--------+--------+--------+-----+--------+
         Total |   2252 |   2140 |    112 |     70 |    680 |   3 |  750.7 |
       Dungeon |   2252 |   2140 |    112 |     70 |    680 |   3 |  750.7 |
               +--------+--------+--------+--------+--------+-----+--------+

Top non-repeatable levels by time:
     D:2: 1152 daAuts
     D:1: 642 daAuts
     D:3: 457 daAuts
